 Dungeon Crawl Stone Soup version 0.23.1-37-gaa34b87b72 (webtiles) character file.

Game seed: 5188628844784631854

1236 PentaManta the Spear-Bearer (level 8, -1/64 HPs)
             Began as a Merfolk Monk on Mar 20, 2019.
             Was a Priest of Okawaru.
             Splashed by a jelly's acid (9 damage)
             ... on level 6 of the Dungeon.
             The game lasted 00:14:26 (6802 turns).

PentaManta the Spear-Bearer (Merfolk Monk)          Turns: 6802, Time: 00:14:27

Health: -1/64      AC: -9    Str: 14    XL:     8   Next: 49%
Magic:  8/8        EV: 16    Int:  9    God:    Okawaru [***...]
Gold:   163        SH:  0    Dex: 16    Spells: 7/7 levels left

rFire    . . .     SeeInvis .   a - +0 spear
rCold    . . .     Gourm    +   (no shield)
rNeg     . . .     Faith    .   b - +0 robe
rPois    .         Spirit   .   (no helmet)
rElec    .         Reflect  .   (no cloak)
rCorr    .         Harm     .   (no gloves)
MR       +....                  g - +0 pair of boots
Stlth    ++........             i - amulet of the gourmand
HPRegen  0.20/turn              t - ring of protection from magic
MPRegen  0.11/turn              (no ring)

@: corroded, heavily drained
A: change form in water, swift swim, stealthy swim
a: Heroism, Renounce Religion


You were on level 6 of the Dungeon.
You worshipped Okawaru.
Okawaru was most pleased with you.
You were not hungry.

You visited 1 branch of the dungeon, and saw 6 of its levels.

You collected 231 gold pieces.
You spent 68 gold pieces at shops.

Inventory:

Hand Weapons
 a - a +0 spear (weapon)
 d - a +0 hunting sling
 p - a +1 halberd of chopping
Missiles
 k - 95 stones (quivered)
Armour
 b - a +0 robe (worn)
 g - a +0 pair of boots (worn)
Jewellery
 i - an amulet of the gourmand (around neck)
 t - a ring of protection from magic (left hand)
Scrolls
 e - a scroll of remove curse
 f - a scroll of enchant armour {unknown}
 j - 3 scrolls of enchant weapon
 l - a scroll of fog
 m - 4 scrolls of teleportation
 s - 2 scrolls of magic mapping
Potions
 q - a potion of lignification
 u - a potion of mutation
Comestibles
 c - 7 rations


   Skills:
 + Level 6.3(4.7) Fighting
 * Level 10.9(9.0) Polearms
 + Level 7.5(5.9) Dodging
 - Level 2.1(0.7) Stealth


You had 7 spell levels left.
You didn't know any spells.
Your spell library was empty.

Dungeon Overview and Level Annotations

Branches:
Dungeon (6/15)
 Temple: D:4-7

Altars:
Kikubaaqudgha
Okawaru

Shops:
D:4 *


Message History

The jelly hits you.
You are splashed with acid!
You are too injured to fight recklessly!
Attack whom?
Press: ? - help, Dir - move target cursor, f - jelly
Aim: a jelly (heavily wounded)
You hit the jelly.
Your hands burn!
The jelly is severely wounded.
You fail to use your ability.
The jelly hits you. The acid corrodes you!
You are splashed with acid!
* * * LOW HITPOINT WARNING * * *
You barely miss the jelly.
The jelly is severely wounded.
The jelly closely misses you.
You hit the jelly but do no damage.
Your hands burn!
* * * LOW HITPOINT WARNING * * *
The jelly is severely wounded.
The jelly hits you.
* * * LOW HITPOINT WARNING * * *
You are splashed with acid!
You die...

#..#..#..#..#..#...##
##.##....##.##...##
#..#..###...'.###
##.####...#####
#..#...###..
##...###...#
#.###...## #.#.....[#
+..@J....# ####.....#
.....# ######


You could see a jelly.

Vanquished Creatures
  Grinder (D:5)
  The ghost of chimenez the Charmwright, an amateur GnSk (D:3)
  An ogre (D:4)
  A centaur (D:5)
  A scorpion (D:4)
  5 wights (D:6)
  A crimson imp (D:5)
  A bullfrog zombie (D:5)
  2 hounds (D:5)
  Jessica (D:2)
  An iguana (D:5)
  3 worker ants
  A hound zombie (D:3)
  A hound skeleton (D:4)
  4 gnolls
  5 adders
  A howler monkey skeleton (D:5)
  A shadow imp (D:4)
  2 oozes
  2 adder skeletons
  A worm (D:2)
  2 dart slugs
  7 leopard geckos
  7 orcs
  2 giant cockroaches (D:4)
  5 hobgoblins
  5 jackals
  A quokka (D:5)
  3 ball pythons
  A ball python skeleton (D:5)
  6 bats
  4 frilled lizards
  A giant cockroach zombie (D:3)
  8 goblins
  A jackal zombie (D:5)
  9 kobolds
  9 rats
108 creatures vanquished.

Notes
Turn   | Place    | Note
-------+----------+-------------------------------------------
     0 | D:1      | PentaManta the Merfolk Monk began the quest for the Orb.
     0 | D:1      | Reached XP level 1. HP: 18/18 MP: 1/1
   298 | D:1      | Reached XP level 2. HP: 24/24 MP: 2/2
   381 | D:1      | Reached skill level 5 in Polearms
   864 | D:2      | Reached XP level 3. HP: 15/30 MP: 3/3
  1336 | D:2      | Reached XP level 4. HP: 37/37 MP: 4/4
  1376 | D:2      | Noticed Jessica
  1383 | D:2      | Killed Jessica
  1383 | D:2      | Reached skill level 6 in Polearms
  1951 | D:3      | Reached skill level 5 in Dodging
  1951 | D:3      | Reached XP level 5. HP: 28/42 MP: 5/5
  2680 | D:3      | Found an ancient bone altar of Kikubaaqudgha.
  2682 | D:3      | Found a runed translucent gate.
  2682 | D:3      | Found a runed translucent gate.
  2682 | D:3      | Found a runed translucent gate.
  2696 | D:3      | Noticed chimenez's ghost (amateur GnSk)
  2750 | D:3      | Killed chimenez's ghost
  2750 | D:3      | Reached skill level 7 in Polearms
  2750 | D:3      | Reached XP level 6. HP: 19/49 MP: 6/6
  3421 | D:4      | Found an iron altar of Okawaru.
  3474 | D:4      | Became a worshipper of Warmaster Okawaru
  3474 | D:4      | Reached * piety under Okawaru
  3474 | D:4      | Reached ** piety under Okawaru
  3537 | D:4      | Reached skill level 8 in Polearms
  3543 | D:4      | Reached skill level 5 in Fighting
  3779 | D:4      | Reached XP level 7. HP: 56/56 MP: 7/7
  4209 | D:4      | Found Ozail's Assorted Antiques.
  4225 | D:4      | Bought a scroll labeled SUHAKO QEAKH for 17 gold pieces
  4225 | D:4      | Bought a scroll labeled MUSAECWISEPH for 17 gold pieces
  4225 | D:4      | Bought a scroll labeled EZXEOT COEPN for 17 gold pieces
  4225 | D:4      | Bought a scroll labeled SUHAKO QEAKH for 17 gold pieces
  4481 | D:5      | Entered Level 5 of the Dungeon
  4512 | D:5      | Reached skill level 9 in Polearms
  5597 | D:5      | Noticed Grinder
  6008 | D:5      | Killed Grinder
  6008 | D:5      | Reached *** piety under Okawaru
  6008 | D:5      | Reached skill level 10 in Polearms
  6008 | D:5      | Reached XP level 8. HP: 64/64 MP: 8/8
  6349 | D:6      | HP: 3/64 [wight/+5 dagger (3)]
  6357 | D:6      | HP: 3/64 [wight/+5 dagger (1)]
  6802 | D:6      | Splashed by a jelly's acid

Skill      XL: |  1  2  3  4  5  6  7  8 |
---------------+-------------------------+-----
Polearms       | 5 6 7 8 10 | 10.9
Fighting       | 4 5 6 |  6.3
Dodging        | 5 6 7 |  7.5
Stealth        | |  2.1

Action                   |  1- 3 |  4- 6 |  7- 9 || total
-------------------------+-------+-------+-------++-------
Melee: Spear             |   131 |   269 |   286 ||   686
       Halberd           |       |     2 |       ||     2
       Punch             |       |     3 |       ||     3
Throw: Stone             |       |     3 |       ||     3
Invok: Heroism           |       |     1 |     1 ||     2
  Use: Potion            |     2 |     2 |     5 ||     9
       Scroll            |       |       |     9 ||     9
 Stab: Sleeping          |    10 |     9 |     5 ||    24
       Distracted        |       |     2 |     1 ||     3
  Eat: Chunk             |     1 |     7 |     4 ||    12
       Ration            |       |       |     2 ||     2
Armor: Robe              |     5 |    17 |     8 ||    30
Dodge: Dodged            |    58 |   129 |   142 ||   329
